 Dungeon Crawl Stone Soup version 0.20-a0-463-g5747544 (webtiles) character file.

1176 pichaelthompson the Cudgeler (level 8, -6/62 HPs)
             Began as a Demonspawn Berserker on Jan 10, 2017.
             Was a Priest of Trog.
             Mangled by an ogre
             ... wielding a +0 giant club
              (10 damage)
             ... on level 5 of the Dungeon.
             The game lasted 00:21:29 (5670 turns).

pichaelthompson the Cudgeler (Demonspawn Berserker) Turns: 5670, Time: 00:21:30

Health: -6/62      AC:  6    Str: 18    XL:     8   Next: 18%
Magic:  17/17      EV: 14    Int:  8    God:    Trog [***...]
Gold:   221        SH:  0    Dex: 15    Spells: 7/7 levels left

rFire  + . .     SeeInvis .     a - +1 mace
rCold  . . .     Gourm    .     e - +3 leather armour {rN+}
rNeg   + . .     Faith    .     (no shield)
rPois  .         Spirit   .     (helmet restricted)
rElec  .         Reflect  .     (no cloak)
rCorr  .         Harm     .     (no gloves)
MR     .....                    (no boots)
Stlth  ++........               l - amulet of rage
                                (no ring)
                                k - ring of magical power

@: no status effects
A: antennae 1, claws 2, talons 1, fire resistance 1, flame cloud immunity
a: Berserk, Trog's Hand, Burn Spellbooks, Renounce Religion, Evoke Berserk Rage


You were on level 5 of the Dungeon.
You worshipped Trog.
Trog was most pleased with you.
You were not hungry.

You visited 1 branch of the dungeon, and saw 5 of its levels.

You collected 221 gold pieces.

Inventory:

Hand Weapons
 a - a +1 mace (weapon)
Armour
 e - a +3 leather armour of positive energy (worn)
Jewellery
 k - a ring of magical power (left claw)
 l - an amulet of rage (around neck)
Wands
 s - a wand of random effects (10/48)
 x - a wand of iceblast (11/15)
Scrolls
 g - a scroll of enchant armour
 i - 2 scrolls of blinking
 m - a scroll of remove curse
 n - 2 scrolls of identify {unknown}
 p - a scroll of noise {unknown}
 r - 2 scrolls of fear {unknown}
 u - 2 scrolls of teleportation {unknown}
 w - a scroll of magic mapping
Potions
 b - a potion of curing {unknown}
 d - 2 potions of resistance
 f - a potion of flight {unknown}
 h - a potion of mutation {unknown}
 j - a potion of beneficial mutation {unknown}
 o - a potion of heal wounds
 t - a potion of brilliance {unknown}
Comestibles
 c - a bread ration
 q - a meat ration
 v - 11 chunks of flesh


   Skills:
 + Level 5.3 Fighting
 + Level 6.8 Maces & Flails
 + Level 3.5 Armour
 + Level 3.8 Dodging
 + Level 1.1 Stealth


You had 7 spell levels left.
You didn't know any spells.

Dungeon Overview and Level Annotations

Branches:
Dungeon (5/15)             Temple (0/1) D:4

Altars:
Qazlal
Ru


Innate Abilities, Weirdness & Mutations

You have a pair of small antennae on your head.
You have very sharp fingernails.
You have sharp toenails.
Your flesh is heat resistant. (rF+)
You are immune to clouds of flame.


Message History

Found 6 gold pieces.
A quokka skeleton comes into view.
There is an escape hatch in the ceiling here.
You now have 221 gold pieces (gained 6).
d - 2 potions of resistance (gained 1) That item cannot be evoked!
x - a wand of iceblast (?/15)
An ogre comes into view. It is wielding a giant club.
Found a plate armour.
You sock the ogre!
The ogre is moderately wounded.
The ogre hits you with a giant club!!
You sock the ogre! You claw the ogre.
The ogre is severely wounded.
The ogre hits you with a giant club!!
* * * LOW HITPOINT WARNING * * *
You hit the ogre.
The ogre is severely wounded.
The ogre hits you with a giant club!
You die...

##. ##..# ### #.... #..
# ##....# .. . ......#.#
#. #..#...# .. #..##.###
## #. ..#.O@....#
##...#.
.[..........######..###.
.....##..#.........#....
##......###.#..#####....
#..#.#### #..#.........<
#. # ###.#######.... .
.........#....
###............
..........#....


You could see an ogre.

Vanquished Creatures
  Grinder (D:4)
  Edmund (D:4)
  A phantom (D:4)
  3 ogres
  A big kobold (D:5)
  A crimson imp (D:4)
  A hound (D:5)
  An orc priest (D:4)
  A gnoll shaman (D:4)
  An iguana (D:5)
  3 worker ants (D:4)
  Ijyb (D:3)
  3 gnolls (D:4)
  7 adders
  An ooze (D:2)
  An adder skeleton (D:4)
  4 worms
  A dart slug (D:1)
  8 leopard geckos
  9 orcs
  15 giant cockroaches
  4 goblins
  6 hobgoblins
  10 kobolds
  4 quokkas
  A ball python (D:2)
  8 bats
  4 frilled lizards
  4 rats (D:2)
  2 plants (D:5)
108 creatures vanquished.

Notes
Turn   | Place    | Note
-------+----------+-------------------------------------------
     0 | D:1      | pichaelthompson the Demonspawn Berserker began the quest for the Orb.
     0 | D:1      | Reached XP level 1. HP: 18/18 MP: 1/1
   366 | D:1      | Gained mutation: You have a pair of small antennae on your head. [demonic ancestry]
   366 | D:1      | Reached XP level 2. HP: 13/24 MP: 2/2
   513 | D:1      | Reached skill level 3 in Maces & Flails
   876 | D:2      | Gained mutation: You have sharp fingernails. [demonic ancestry]
   876 | D:2      | Reached XP level 3. HP: 13/29 MP: 3/3
  1378 | D:2      | Found a sacrificial altar of Ru.
  1928 | D:2      | Gained mutation: Your flesh is heat resistant. (rF+) [demonic ancestry]
  1928 | D:2      | Reached XP level 4. HP: 30/35 MP: 4/4
  2298 | D:2      | Reached ** piety under Trog
  2354 | D:2      | Found a stormy altar of Qazlal.
  2409 | D:3      | Reached skill level 4 in Maces & Flails
  2903 | D:3      | Noticed Ijyb
  2915 | D:3      | Killed Ijyb
  2915 | D:3      | Gained mutation: You have sharp toenails. [demonic ancestry]
  2915 | D:3      | Reached XP level 5. HP: 42/42 MP: 5/5
  3300 | D:4      | Noticed a phantom
  3386 | D:4      | Killed a phantom
  3674 | D:4      | Noticed an ogre
  3683 | D:4      | Killed an ogre
  3683 | D:4      | Reached XP level 6. HP: 48/48 MP: 6/6
  3730 | D:4      | Noticed Edmund
  3741 | D:4      | Killed Edmund
  3741 | D:4      | Reached skill level 5 in Maces & Flails
  4090 | D:4      | Noticed Grinder
  4099 | D:4      | Paralysed by Grinder for 6 turns
  4108 | D:4      | Killed Grinder
  4108 | D:4      | Gained mutation: You have very sharp fingernails. [demonic ancestry]
  4108 | D:4      | Reached XP level 7. HP: 49/55 MP: 7/7
  4591 | D:4      | Found a staircase to the Ecumenical Temple.
  4771 | D:4      | Reached skill level 6 in Maces & Flails
  5232 | D:5      | Entered Level 5 of the Dungeon
  5241 | D:5      | Reached *** piety under Trog
  5252 | D:5      | Reached skill level 1 in Stealth
  5465 | D:5      | Reached skill level 5 in Fighting
  5465 | D:5      | Gained mutation: You are immune to clouds of flame. [demonic ancestry]
  5465 | D:5      | Reached XP level 8. HP: 62/62 MP: 8/8
  5670 | D:5      | Mangled by an ogre

Vault maps used:
D:1:      saegor_arrival_simple_a
D:2:      marbit_many_paths, nicolae_overflow_crystal_walls, first_bread
D:3:      minmay_roachtagon, minmay_misc_feat_diagonals, uniq_iyjb
D:4:      uniq_grinder, uniq_edmund
D:5:      lexackson_kobold_supper

Skill      XL: |  1  2  3  4  5  6  7 |
---------------+----------------------+-----
Maces & Flails | 3 4 5 6 |  6.8
Dodging        | 2 3 |  3.8
Armour         | 2 3 |  3.5
Fighting       | 4 5 |  5.3
Stealth        | 1 |  1.1

Action                   |  1- 3 |  4- 6 |  7- 9 || total
-------------------------+-------+-------+-------++-------
Melee: Mace              |   138 |   178 |   157 ||   473
       Kick              |       |    27 |    53 ||    80
Invok: Berserk           |       |     6 |     4 ||    10
  Use: Scroll            |       |     5 |       ||     5
       Potion            |       |       |     2 ||     2
 Stab: Sleeping          |     1 |       |       ||     1
  Eat: Chunk             |     3 |     7 |     6 ||    16
       Bread ration      |       |     1 |     1 ||     2
Armor: Animal skin       |     7 |       |       ||     7
       Leather armour    |    53 |    70 |    26 ||   149
Dodge: Dodged            |   115 |   168 |    77 ||   360
